 Dungeon Sprint DCSS version 0.21-a0-104-g7b58145 (webtiles) character file.

599 Kidiri the Covert (level 7, -2/33 (37) HPs)
             Began as a Spriggan Enchanter on July 5, 2017.
             Slain by a tyrant leech (35 damage)
             ... in the Dungeon (Sprint II: "The Violet Keep of Menkaure").
             The game lasted 00:01:30 (409 turns).

Kidiri the Covert (Spriggan Enchanter)               Turns: 409, Time: 00:01:31

HP:   -2/33 (37)    AC:  2    Str:  4    XL:     7   Next: 17%
MP:   14/19         EV: 26    Int: 17    God:
Gold: 486           SH:  0    Dex: 18    Spells: 10/22 levels left

rFire    . . .     SeeInvis +   a - +1 dagger
rCold    . . .     Gourm    .   (shield restricted)
rNeg     . . .     Faith    .   b - +0 robe
rPois    .         Spirit   .   (helmet restricted)
rElec    .         Reflect  .   (no cloak)
rCorr    .         Harm     .   (gloves unavailable)
MR       +....     NoTele   +   (boots unavailable)
Stlth    +++++.....             (no amulet)
HPRegen  0.11/turn              (no ring)
MPRegen  0.16/turn              (no ring)

@: very quick
A: unfitting armour, see invisible, herbivore 3, speed 3, slow metabolism 2
a: no special abilities


You were in the Dungeon.
You were not hungry.

You visited 1 branch You collected 486 gold pieces.

Inventory:

Hand Weapons
 a - a +1 dagger (weapon)
Armour
 b - a +0 robe (worn)
Scrolls
 j - a scroll of blinking
Potions
 e - a potion of curing
 f - a potion of heal wounds
 g - a potion of haste
 h - 2 potions of magic
Books
 c - a book of Maledictions

   Spells                             Type                      Level
   a - Corona                         Hexes                        1
   b - Ensorcelled Hibernation        Hexes/Ice                    2
   c - Confuse                        Hexes                        3
   d - Tukima's Dance                 Hexes                        3
   e - Dazzling Spray                 Conjuration/Hexes            3
Comestibles
 d - a bread ration


   Skills:
 + Level 3.7 Fighting
 * Level 7.1 Short Blades
 + Level 3.2 Armour
 * Level 10.0 Dodging
 * Level 11.0 Stealth
 * Level 8.4 Spellcasting
 + Level 6.7 Hexes


You had 10 spell levels left.
You knew the following spells:

 Your Spells              Type           Power        Failure   Level  Hunger
a - Corona                Hex            ####...      1%          1    None
b - Ensorcelled Hibernat  Hex/Ice        ###...       3%          2    None
c - Confuse               Hex            ####....     1%          3    #......
d - Tukima's Dance        Hex            ####....     1%          3    #......
e - Dazzling Spray        Conj/Hex       ###...       8%          3    #......


Dungeon Overview and Level Annotations

Branches:
Dungeon (1/1)

Altars:


Innate Abilities, Weirdness & Mutations

You are very small and have problems with some larger weapons.
You are too small for most types of armour.
You have supernaturally acute eyesight. (SInv)
You are a herbivore.
You cover ground extremely quickly.
You need consume almost no food.


Message History

Your Stealth skill increases to level 11!
You have reached level 7!
There is an open door here.
There is a staircase leading out of the dungeon here.
You open the door.
There is a staircase leading out of the dungeon here.
Casting: Corona
Confirm with . or Enter, or press ? or * to list all spells.
Aiming: Ensorcelled Hibernation
Press: ? - help, Shift-Dir - straight line, f - tyrant leech
Aim: a tyrant leech (chance to defeat MR: 31%)
The tyrant leech easily resists.
Casting: Ensorcelled Hibernation
Confirm with . or Enter, or press ? or * to list all spells.
Aiming: Ensorcelled Hibernation
Press: ? - help, Shift-Dir - straight line, f/p - tyrant leech
Aim: a tyrant leech (chance to defeat MR: 31%)
The tyrant leech easily resists.
The tyrant leech bites you!!
Ouch! That really hurt!
You die...

##+## ##.#.##
#..#..#
####...####
#.###'###%#
#.#.##@##.###
+$##'.w.+##.+
#. ###.##...#
## #'###.##
.#. ### .w ..
##$ .## ## ##


You could see 2 tyrant leeches.

Vanquished Creatures
  2 neqoxecs (D)
  4 necrophages (D)
  3 worms (D)
9 creatures vanquished.

Notes
Turn   | Place    | Note
-------+----------+-------------------------------------------
     0 | D        | Kidiri the Spriggan Enchanter began the quest for the Orb.
     0 | D        | Reached XP level 1. HP: 9/9 MP: 5/5
     1 | D        | Noticed a necrophage
     1 | D        | Noticed a necrophage
     1 | D        | Noticed a necrophage
     1 | D        | Noticed a necrophage
    14 | D        | Killed a necrophage
    14 | D        | Reached skill level 1 in Fighting
    14 | D        | Reached skill level 1 in Armour
    14 | D        | Reached skill level 5 in Dodging
    14 | D        | Reached skill level 7 in Stealth
    14 | D        | Reached XP level 2. HP: 15/15 MP: 5/8
    14 | D        | Reached XP level 3. HP: 18/18 MP: 6/10
    14 | D        | Reached XP level 4. HP: 23/23 MP: 6/11
    18 | D        | Killed a necrophage
    18 | D        | Reached skill level 8 in Stealth
    18 | D        | Reached skill level 5 in Hexes
    18 | D        | Reached XP level 5. HP: 27/27 MP: 6/14
    30 | D        | Killed a necrophage
    30 | D        | Reached skill level 5 in Short Blades
    30 | D        | Reached skill level 9 in Stealth
    60 | D        | Killed a necrophage
    60 | D        | Reached XP level 6. HP: 7/28 MP: 13/17
    70 | D        | Learned a level 3 spell: Confuse
    73 | D        | Learned a level 2 spell: Ensorcelled Hibernation
    77 | D        | Learned a level 3 spell: Tukima's Dance
    81 | D        | Learned a level 3 spell: Dazzling Spray
   367 | D        | Noticed a tyrant leech
   367 | D        | Noticed a tyrant leech
   394 | D        | Noticed a neqoxec
   397 | D        | Killed a neqoxec
   397 | D        | Reached skill level 10 in Stealth
   398 | D        | Noticed a neqoxec
   399 | D        | Killed a neqoxec
   399 | D        | Reached skill level 10 in Dodging
   399 | D        | Reached skill level 11 in Stealth
   399 | D        | Reached XP level 7. HP: 33/33 MP: 17/19
   409 | D        | Slain by a tyrant leech

Vault maps used:
D:        the_violet_keep_of_menkaure

Skill      XL: |  1  2  3  4  5  6 |
---------------+-------------------+-----
Fighting       | 1 2 3 |  3.7
Short Blades   | 3 4 6 7 |  7.1
Armour         | 1 2 3 |  3.2
Dodging        | 5 7 8 10 | 10.0
Stealth        | 7 8 9 11 | 11.0
Spellcasting   | 4 6 7 8 |  8.4
Hexes          | 4 5 6 |  6.7

Action                   |  1- 3 |  4- 6 |  7- 9 || total
-------------------------+-------+-------+-------++-------
Melee: Dagger            |    11 |    51 |       ||    62
 Cast: Ensorcelled Hiber |       |       |     2 ||     2
  Use: Potion            |     1 |       |       ||     1
 Stab: Sleeping          |       |     5 |       ||     5
Dodge: Dodged            |     7 |    30 |       ||    37
